[ AOE2 MATCH · #480999895 ]
UnrankedBritons vs Vikings
[ REPLAY ANALYSIS · EXTRACTED FROM THE RECORDED GAME ]
Feudal
—
Castle
—
Imperial
—
| APM avg | 19.1 |
| APM peak | 68 |
| eAPM avg | 6.4 |
| Villagers / military | 37 / 0 |
Focus
⚔️ 11.2% · 🌾 88.8%
Fishing Ship ×12
Feudal
—
Castle
—
Imperial
—
| APM avg | 5.1 |
| APM peak | 30 |
| eAPM avg | 2.9 |
| Villagers / military | 19 / 0 |
Focus
⚔️ 3.8% · 🌾 96.2%
Fishing Ship ×5
Feudal
—
Castle
—
Imperial
—
| APM avg | 43.0 |
| APM peak | 72 |
| eAPM avg | 12.3 |
| Villagers / military | 41 / 39 |
Focus
⚔️ 25.7% · 🌾 74.3%
Archer ×36 · Fishing Ship ×11 · Mangonel ×2 · Transport Ship ×1
Feudal
—
Castle
—
Imperial
—
| APM avg | 16.6 |
| APM peak | 117 |
| eAPM avg | 5.0 |
| Villagers / military | 27 / 1 |
Focus
⚔️ 11.8% · 🌾 88.2%
Fishing Ship ×9 · Transport Ship ×1
Feudal
—
Castle
—
Imperial
—
| APM avg | 10.4 |
| APM peak | 61 |
| eAPM avg | 3.1 |
| Villagers / military | 18 / 0 |
Focus
⚔️ 18.6% · 🌾 81.4%
Feudal
—
Castle
—
Imperial
—
| APM avg | 11.4 |
| APM peak | 60 |
| eAPM avg | 3.9 |
| Villagers / military | 18 / 0 |
Focus
⚔️ 5.6% · 🌾 94.4%
Fishing Ship ×4
Feudal
—
Castle
—
Imperial
—
| APM avg | 14.1 |
| APM peak | 53 |
| eAPM avg | 12.7 |
| Villagers / military | 26 / 0 |
Focus
⚔️ 3.2% · 🌾 96.8%
Trade Cog ×2 · Fishing Ship ×2
Feudal
—
Castle
—
Imperial
—
| APM avg | 7.0 |
| APM peak | 20 |
| eAPM avg | 4.6 |
| Villagers / military | 27 / 15 |
Focus
⚔️ 18.1% · 🌾 81.9%
Fishing Ship ×16 · Scout Cavalry ×12 · Spearman ×3 · Trade Cog ×2
Match map
Initial resources + every placement click. Lines = walls · curves = elevation contours. ◆ gold · ⬟ stone · ● berries · ✦ relic · ◌ wall gap
Your base· ✓ Map-separated
The_Kingpr's base· ✓ Map-separated
bob's base· ✓ Map-separated
Wes3Dfx's base· ✓ Map-separated
Luigi_mikrós's base· ✓ Map-separated
Deportista Electrónico's base· ✓ Map-separated
send_It1993's base· ✓ Map-separated
WaZzAt000's base· ✓ Map-separated
Smoothed initial terrain · ◌ = detected wall gap · hover for details
Inputs per minute
— xJared - - The_Kingpr
Build order — xJared
74 actions detected in the replay
| 0:10 | Create | Villager (Male) ×4 |
| 0:10 | Create | Villager (Male) ×4 |
| 0:18 | Build | House |
| 0:20 | Build | House |
| 0:55 | Research | Loom |
| 1:04 | Create | Villager (Male) ×3 |
| 2:46 | Build | Mill |
| 2:49 | Create | Villager (Male) |
| 3:22 | Build | Lumber Camp |
| 3:38 | Create | Villager (Male) |
| 4:18 | Create | Villager (Male) |
| 4:32 | Create | Villager (Male) |
| 5:07 | Build | House |
| 5:08 | Build | House |
| 5:12 | Create | Villager (Male) |
| 5:36 | Create | Villager (Male) |
| 5:54 | Create | Villager (Male) |
| 6:18 | Build | Dock |
| 6:36 | Create | Villager (Male) |
| 6:51 | Create | Villager (Male) |
| 7:03 | Create | Villager (Male) |
| 7:11 | Build | Lumber Camp |
| 7:35 | Create | Villager (Male) |
| 7:42 | Create | Fishing Ship |
| 7:43 | Create | Fishing Ship |
| 7:55 | Create | Villager (Male) |
| 8:41 | Create | Villager (Male) |
| 9:27 | Build | Lumber Camp |
| 10:37 | Create | Fishing Ship |
| 10:38 | Create | Fishing Ship |
| 10:58 | Research | Feudal Age |
| 12:19 | Build | House |
| 12:20 | Build | House |
| 12:23 | Build | House |
| 12:24 | Build | House |
| 13:12 | Create | Villager (Male) ×5 |
| 14:10 | Research | Double-Bit Axe |
| 14:30 | Build | Mining Camp |
| 14:48 | Build | Mining Camp |
| 14:59 | Create | Villager (Male) |
| 15:02 | Create | Villager (Male) |
| 16:07 | Research | Gold Mining |
| 16:07 | Research | Stone Mining |
| 16:12 | Create | Villager (Male) |
| 16:12 | Create | Villager (Male) |
| 16:12 | Create | Villager (Male) |
| 16:13 | Create | Villager (Male) |
| 16:13 | Create | Villager (Male) |
| 16:13 | Create | Villager (Male) |
| 16:50 | Build | House |
| 16:51 | Build | House |
| 16:52 | Build | House |
| 16:53 | Build | House |
| 16:59 | Create | Fishing Ship |
| 16:59 | Create | Fishing Ship |
| 17:04 | Create | Fishing Ship |
| 17:04 | Create | Fishing Ship |
| 19:30 | Build | Barracks |
| 19:34 | Build | Blacksmith |
| 20:10 | Build | Dock |
| 20:12 | Build | Dock |
| 20:14 | Build | Dock |
| 20:57 | Research | Fletching |
| 21:26 | Research | Padded Archer Armor |
| 21:45 | Build | Lumber Camp |
| 21:57 | Build | Stable |
| 22:16 | Create | Fishing Ship |
| 22:17 | Create | Fishing Ship |
| 22:18 | Create | Fishing Ship |
| 22:18 | Create | Fishing Ship |
| 22:33 | Research | Forging |
| 22:46 | Build | Market |
| 23:16 | Research | Castle Age |
| 23:18 | Research | Wheelbarrow |
Build order — The_Kingpr
28 actions detected in the replay
| 0:03 | Build | House |
| 0:04 | Build | House |
| 0:07 | Create | Villager (Male) ×4 |
| 0:08 | Research | Loom |
| 1:43 | Create | Villager (Male) |
| 2:01 | Create | Villager (Male) |
| 2:50 | Create | Villager (Male) |
| 3:06 | Build | Lumber Camp |
| 3:22 | Create | Villager (Male) ×2 |
| 3:27 | Build | House |
| 3:51 | Create | Villager (Male) |
| 4:17 | Create | Villager (Male) |
| 4:44 | Create | Villager (Male) |
| 5:09 | Create | Villager (Male) |
| 5:21 | Build | Dock |
| 5:33 | Create | Villager (Male) |
| 5:55 | Create | Fishing Ship |
| 5:58 | Build | House |
| 6:06 | Create | Villager (Male) ×2 |
| 6:40 | Build | Dock |
| 6:51 | Create | Villager (Male) |
| 6:54 | Create | Fishing Ship |
| 7:14 | Create | Villager (Male) |
| 7:21 | Create | Fishing Ship |
| 7:32 | Build | House |
| 7:38 | Create | Villager (Male) |
| 7:45 | Create | Fishing Ship |
| 7:59 | Create | Fishing Ship |
Build order — bob
128 actions detected in the replay
| 0:01 | Create | Villager (Male) |
| 0:01 | Create | Villager (Male) |
| 0:02 | Create | Villager (Male) |
| 0:02 | Create | Villager (Male) |
| 0:03 | Build | House |
| 0:05 | Build | House |
| 1:25 | Create | Villager (Male) |
| 1:54 | Create | Villager (Male) |
| 2:20 | Create | Villager (Male) |
| 2:21 | Create | Villager (Male) |
| 2:21 | Create | Villager (Male) |
| 3:09 | Create | Villager (Male) |
| 3:10 | Create | Villager (Male) |
| 3:42 | Create | Villager (Male) |
| 3:46 | Build | House |
| 3:48 | Build | House |
| 4:13 | Create | Villager (Male) |
| 4:14 | Create | Villager (Male) |
| 4:44 | Create | Villager (Male) |
| 5:05 | Build | Dock |
| 5:49 | Create | Villager (Male) |
| 5:49 | Create | Villager (Male) |
| 5:49 | Create | Villager (Male) |
| 5:58 | Create | Villager (Male) |
| 6:07 | Create | Villager (Male) |
| 6:21 | Build | Mill |
| 6:29 | Build | House |
| 6:30 | Build | House |
| 7:03 | Create | Villager (Male) |
| 7:29 | Create | Villager (Male) |
| 7:36 | Create | Fishing Ship |
| 8:43 | Create | Villager (Male) |
| 8:43 | Create | Villager (Male) |
| 9:11 | Create | Fishing Ship |
| 9:24 | Create | Villager (Male) |
| 9:35 | Research | Feudal Age |
| 9:39 | Research | Feudal Age |
| 9:45 | Build | Mule Cart |
| 10:09 | Create | Villager (Male) |
| 10:21 | Create | Fishing Ship |
| 10:26 | Build | House |
| 10:28 | Build | House |
| 10:29 | Build | House |
| 10:41 | Create | Villager (Male) |
| 11:27 | Build | Dock |
| 11:46 | Create | Fishing Ship |
| 12:15 | Create | Transport Ship |
| 12:33 | Research | Double-Bit Axe |
| 12:56 | Create | Villager (Male) |
| 12:57 | Research | Loom |
| 13:14 | Create | Villager (Male) |
| 13:20 | Create | Villager (Male) |
| 13:38 | Build | Barracks |
| 13:49 | Create | Villager (Male) |
| 13:56 | Build | Mule Cart |
| 14:00 | Research | Gold Mining |
| 14:10 | Create | Villager (Male) |
| 14:13 | Create | Fishing Ship |
| 14:40 | Build | Archery Range |
| 14:55 | Research | Wheelbarrow |
| 15:17 | Research | Town Watch |
| 15:22 | Build | Market |
| 15:26 | Build | Blacksmith |
| 16:03 | Create | Archer |
| 16:04 | Create | Archer |
| 16:06 | Build | Archery Range |
| 16:20 | Research | Castle Age |
| 16:33 | Create | Villager (Male) |
| 16:47 | Build | Mule Cart |
| 16:50 | Create | Villager (Male) |
| 16:52 | Create | Fishing Ship |
| 17:02 | Create | Fishing Ship |
| 17:05 | Create | Fishing Ship |
| 17:09 | Create | Archer |
| 17:10 | Create | Archer |
| 17:10 | Create | Archer |
| 17:10 | Create | Archer |
| 17:20 | Research | Fletching |
| 17:25 | Build | Archery Range |
| 17:30 | Create | Archer |
| 17:32 | Create | Villager (Male) |
| 17:35 | Build | House |
| 17:36 | Build | House |
| 17:36 | Build | House |
| 17:36 | Build | House |
| 17:37 | Build | House |
| 17:37 | Build | House |
| 17:37 | Build | House |
| 17:38 | Build | House |
| 17:39 | Build | House |
| 17:39 | Build | House |
| 17:40 | Build | House |
| 17:40 | Build | House |
| 17:42 | Build | House |
| 18:07 | Create | Archer |
| 18:34 | Create | Archer ×5 |
| 18:35 | Create | Archer ×5 |
| 18:39 | Research | Padded Archer Armor |
| 18:45 | Build | Archery Range |
| 18:52 | Create | Villager (Male) |
| 18:59 | Build | House |
| 19:00 | Build | House |
| 19:01 | Build | House |
| 19:02 | Build | House |
| 19:02 | Build | House |
| 19:05 | Research | Bow Saw |
| 19:16 | Research | Crossbowman (upgrade) |
| 19:17 | Research | Crossbowman (upgrade) |
| 19:44 | Create | Fishing Ship |
| 19:44 | Create | Fishing Ship |
| 19:44 | Create | Fishing Ship |
| 19:58 | Research | Bodkin Arrow |
| 20:00 | Create | Archer ×4 |
| 20:01 | Create | Archer ×4 |
| 20:27 | Build | University |
| 21:33 | Research | Ballistics |
| 21:39 | Create | Villager (Male) |
| 21:44 | Build | Siege Workshop |
| 21:52 | Create | Villager (Male) |
| 21:57 | Create | Villager (Male) |
| 22:00 | Build | Mule Cart |
| 22:30 | Create | Archer ×5 |
| 22:31 | Create | Archer ×5 |
| 22:41 | Create | Mangonel |
| 22:49 | Build | Outpost |
| 22:49 | Create | Villager (Male) |
| 22:51 | Create | Villager (Male) |
| 23:09 | Create | Mangonel |
Build order — Wes3Dfx
70 actions detected in the replay
| 0:14 | Build | House |
| 0:18 | Build | House |
| 0:25 | Create | Villager (Male) |
| 0:25 | Create | Villager (Male) |
| 0:25 | Create | Villager (Male) |
| 0:26 | Create | Villager (Male) |
| 2:18 | Create | Villager (Male) |
| 2:21 | Create | Villager (Male) |
| 2:30 | Build | Mill |
| 3:08 | Create | Villager (Male) |
| 3:38 | Create | Villager (Male) |
| 3:38 | Create | Villager (Male) |
| 4:37 | Create | Villager (Male) |
| 4:37 | Create | Villager (Male) |
| 6:08 | Create | Villager (Male) |
| 6:08 | Create | Villager (Male) |
| 6:08 | Create | Villager (Male) |
| 6:43 | Build | House |
| 7:05 | Create | Villager (Male) |
| 7:06 | Create | Villager (Male) |
| 7:06 | Create | Villager (Male) |
| 7:06 | Create | Villager (Male) |
| 7:06 | Create | Villager (Male) |
| 7:06 | Create | Villager (Male) |
| 7:07 | Create | Villager (Male) |
| 7:52 | Build | House |
| 9:47 | Build | Dock |
| 10:00 | Build | Lumber Camp |
| 11:20 | Create | Fishing Ship |
| 11:21 | Create | Fishing Ship |
| 11:40 | Research | Feudal Age |
| 12:13 | Build | Mining Camp |
| 12:25 | Create | Fishing Ship |
| 12:32 | Build | House |
| 12:35 | Build | House |
| 12:44 | Build | House |
| 13:42 | Build | Mining Camp |
| 13:52 | Create | Fishing Ship |
| 13:52 | Create | Fishing Ship |
| 13:52 | Create | Fishing Ship |
| 14:38 | Research | Wheelbarrow |
| 14:52 | Create | Fishing Ship |
| 14:52 | Create | Fishing Ship |
| 14:53 | Create | Fishing Ship |
| 15:08 | Build | Farm |
| 15:12 | Build | Farm |
| 15:15 | Build | Farm |
| 15:37 | Build | Farm |
| 15:51 | Build | House |
| 16:05 | Create | Villager (Male) |
| 16:05 | Create | Villager (Male) |
| 16:06 | Create | Villager (Male) |
| 16:25 | Build | Mill |
| 16:41 | Research | Tech 906 |
| 17:01 | Create | Villager (Male) |
| 17:02 | Create | Villager (Male) |
| 17:02 | Create | Villager (Male) |
| 17:25 | Build | House |
| 17:53 | Build | Dock |
| 17:57 | Build | Dock |
| 18:14 | Build | Dock |
| 18:25 | Build | House |
| 19:05 | Build | Market |
| 19:36 | Create | Transport Ship |
| 20:03 | Research | Double-Bit Axe |
| 20:27 | Build | Barracks |
| 21:58 | Build | Stable |
| 22:09 | Build | Blacksmith |
| 22:29 | Build | Barracks |
| 22:59 | Research | Castle Age |
Build order — Luigi_mikrós
21 actions detected in the replay
| 0:02 | Create | Villager (Male) |
| 0:02 | Create | Villager (Male) |
| 0:03 | Create | Villager (Male) |
| 0:04 | Build | House |
| 0:06 | Build | House |
| 0:08 | Create | Villager (Male) |
| 1:29 | Build | Dock |
| 1:53 | Create | Villager (Male) |
| 1:54 | Create | Villager (Male) |
| 2:13 | Create | Villager (Male) |
| 2:42 | Create | Villager (Male) |
| 3:12 | Create | Villager (Male) |
| 3:12 | Create | Villager (Male) |
| 3:56 | Create | Villager (Male) |
| 3:56 | Create | Villager (Male) |
| 4:25 | Create | Villager (Male) |
| 4:25 | Create | Villager (Male) |
| 4:25 | Create | Villager (Male) |
| 5:13 | Create | Villager (Male) |
| 5:14 | Create | Villager (Male) |
| 5:14 | Create | Villager (Male) |
Build order — Deportista Electrónico
29 actions detected in the replay
| 0:03 | Research | Loom |
| 0:05 | Build | House |
| 0:07 | Build | House |
| 0:18 | Create | Villager (Male) |
| 0:18 | Create | Villager (Male) |
| 0:18 | Create | Villager (Male) |
| 0:26 | Create | Villager (Male) |
| 0:27 | Create | Villager (Male) |
| 2:43 | Create | Villager (Male) |
| 2:43 | Create | Villager (Male) |
| 3:14 | Build | Lumber Camp |
| 3:28 | Create | Villager (Male) |
| 3:28 | Create | Villager (Male) |
| 3:42 | Build | Palisade Wall |
| 3:46 | Build | Dock |
| 4:13 | Create | Villager (Male) |
| 4:19 | Create | Fishing Ship |
| 4:44 | Create | Villager (Male) |
| 4:44 | Create | Villager (Male) |
| 4:59 | Create | Fishing Ship |
| 5:16 | Create | Villager (Male) |
| 5:16 | Create | Villager (Male) |
| 5:32 | Create | Villager (Male) |
| 6:12 | Create | Villager (Male) |
| 6:13 | Create | Fishing Ship |
| 6:35 | Create | Villager (Male) |
| 6:46 | Build | House |
| 6:54 | Create | Villager (Male) |
| 7:13 | Create | Fishing Ship |
Build order — send_It1993
45 actions detected in the replay
| 0:10 | Build | House |
| 0:20 | Build | House |
| 0:22 | Create | Villager (Male) |
| 0:23 | Create | Villager (Male) |
| 0:23 | Create | Villager (Male) |
| 0:24 | Create | Villager (Male) |
| 3:12 | Build | Dock |
| 3:35 | Create | Villager (Male) |
| 3:35 | Create | Villager (Male) |
| 3:36 | Create | Villager (Male) |
| 10:47 | Create | Fishing Ship |
| 10:48 | Create | Fishing Ship |
| 10:55 | Create | Villager (Male) |
| 10:55 | Create | Villager (Male) |
| 10:56 | Create | Villager (Male) |
| 10:56 | Create | Villager (Male) |
| 10:56 | Create | Villager (Male) |
| 11:11 | Build | Lumber Camp |
| 11:59 | Research | Feudal Age |
| 12:56 | Build | Mill |
| 14:15 | Create | Villager (Male) |
| 14:16 | Create | Villager (Male) |
| 14:16 | Create | Villager (Male) |
| 14:17 | Create | Villager (Male) |
| 14:18 | Create | Villager (Male) |
| 14:35 | Build | House |
| 14:38 | Build | House |
| 14:44 | Build | House |
| 15:30 | Research | Tech 906 |
| 18:09 | Create | Villager (Male) |
| 18:09 | Create | Villager (Male) |
| 18:09 | Create | Villager (Male) |
| 19:48 | Create | Trade Cog |
| 19:49 | Create | Trade Cog |
| 21:27 | Build | Farm |
| 21:27 | Build | Farm |
| 21:27 | Build | Farm |
| 21:27 | Build | Farm |
| 21:27 | Build | Farm |
| 21:41 | Create | Villager (Male) |
| 21:42 | Create | Villager (Male) |
| 21:42 | Create | Villager (Male) |
| 22:18 | Create | Villager (Male) |
| 22:18 | Create | Villager (Male) |
| 22:55 | Create | Villager (Male) |
Build order — WaZzAt000
68 actions detected in the replay
| 0:02 | Create | Villager (Male) |
| 0:02 | Create | Villager (Male) |
| 0:02 | Create | Villager (Male) |
| 0:03 | Create | Villager (Male) |
| 0:03 | Create | Villager (Male) |
| 0:06 | Build | House |
| 0:09 | Build | House |
| 0:14 | Build | House |
| 1:52 | Create | Villager (Male) |
| 3:04 | Create | Villager (Male) |
| 3:06 | Create | Villager (Male) |
| 3:06 | Create | Villager (Male) |
| 3:07 | Create | Villager (Male) |
| 3:51 | Build | Lumber Camp |
| 6:48 | Build | Dock |
| 8:18 | Create | Fishing Ship |
| 8:19 | Create | Fishing Ship |
| 8:19 | Create | Fishing Ship |
| 8:47 | Build | Dock |
| 10:09 | Create | Fishing Ship |
| 10:09 | Create | Fishing Ship |
| 10:10 | Create | Fishing Ship |
| 10:54 | Build | Dock |
| 11:16 | Create | Fishing Ship |
| 11:16 | Create | Fishing Ship |
| 12:16 | Create | Fishing Ship |
| 12:16 | Create | Fishing Ship |
| 12:17 | Create | Fishing Ship |
| 13:15 | Research | Feudal Age |
| 13:39 | Create | Fishing Ship |
| 13:40 | Create | Fishing Ship |
| 14:12 | Create | Villager (Male) |
| 14:12 | Create | Villager (Male) |
| 14:12 | Create | Villager (Male) |
| 15:33 | Research | Tech 906 |
| 15:54 | Build | Blacksmith |
| 16:55 | Build | Barracks |
| 17:44 | Build | Stable |
| 18:09 | Build | Dock |
| 18:11 | Build | Dock |
| 18:13 | Build | Dock |
| 18:43 | Create | Villager (Male) |
| 18:43 | Create | Villager (Male) |
| 18:43 | Create | Villager (Male) |
| 18:44 | Create | Villager (Male) |
| 18:44 | Create | Villager (Male) |
| 18:44 | Create | Villager (Male) |
| 18:45 | Create | Villager (Male) |
| 18:45 | Create | Villager (Male) |
| 18:45 | Create | Villager (Male) |
| 18:45 | Create | Villager (Male) |
| 19:01 | Create | Fishing Ship |
| 19:01 | Create | Fishing Ship |
| 19:01 | Create | Fishing Ship |
| 19:24 | Build | Mining Camp |
| 19:29 | Create | Villager (Male) |
| 19:29 | Create | Villager (Male) |
| 20:11 | Create | Villager (Male) |
| 20:11 | Create | Villager (Male) |
| 20:35 | Create | Trade Cog |
| 20:36 | Create | Trade Cog |
| 21:14 | Create | Spearman |
| 21:14 | Create | Spearman |
| 21:15 | Create | Spearman |
| 21:20 | Create | Scout Cavalry ×5 |
| 21:20 | Create | Scout Cavalry ×5 |
| 21:21 | Create | Scout Cavalry |
| 21:21 | Create | Scout Cavalry |
Match timeline
| 1:29 | Luigi_mikrós · first_building Dock |
| 3:12 | send_It1993 · first_building Dock |
| 3:42 | Deportista Electrónico · wall_segment Palisade Wall x1 |
| 3:46 | Deportista Electrónico · first_building Dock |
| 5:05 | bob · first_building Dock |
| 5:21 | The_Kingpr · first_building Dock |
| 5:29 | Luigi_mikrós · resign |
| 6:18 | xJared · first_building Dock |
| 6:48 | WaZzAt000 · first_building Dock |
| 9:47 | Wes3Dfx · first_building Dock |
| 13:38 | bob · first_building Barracks |
| 14:40 | bob · first_building Archery Range |
| 16:55 | WaZzAt000 · first_building Barracks |
| 17:44 | WaZzAt000 · first_building Stable |
| 19:30 | xJared · first_building Barracks |
| 20:27 | Wes3Dfx · first_building Barracks |
| 21:44 | bob · first_building Siege Workshop |
| 21:57 | xJared · first_building Stable |
| 21:58 | Wes3Dfx · first_building Stable |
[ AI ANALYSIS · 1 CREDIT ]
What really happened in this match?
Wolo.gg analyzes every decision: build order, eco, micro, common mistakes by bracket. Personalized analysis on WhatsApp or Discord in 30 seconds.
Civ guide
Britons
Perfil
Jugador #18218244